 Dungeon Crawl Stone Soup version 0.29.1-15-g9cfb28693d (webtiles) character file.

Game seed: 3704143758055079937

252488 Gabide the Maledictor (level 18, 0/124 (147) HPs)
             Began as a Vampire Enchanter on Apr 9, 2023.
             Was a High Priest of Sif Muna.
             Killed from afar by a vampire mage (28 damage)
             ... with a bolt of negative energy
             ... on level 1 of the Depths on Apr 10, 2023.
             The game lasted 03:06:12 (47794 turns).

Gabide the Maledictor (Vampire Enchanter)          Turns: 47794, Time: 03:06:13

HP:   0/124 (147)   AC: 24    Str: 16    XL:     18   Next: 97%
MP:   2/36          EV: 27    Int: 33    God:    Sif Muna [*****.]
Gold: 3098          SH: 13    Dex: 30    Spells: 10/45 levels left

rFire   . . .      SeeInvis +   h - +7 demon blade of Destiny {elec, Fragile Dex+7 SInv}
rCold   + . .      Faith    .   C - +1 buckler {rC+}
rNeg    . . .      Spirit   .   M - +1 faerie dragon scales {Will+ rCorr Stlth+}
rPois   +          Reflect  +   L - +3 helmet of Objectivity {+Inv rPois Str+4 Stlth-}
rElec   .          Harm     .   l - +2 cloak
rCorr   +          Rampage  .   G - +2 pair of gloves
Will    ++...                   H - +1 pair of boots of the Several Nights {rC- Int+3 Dex+7}
Stlth   ++++......              x - amulet "Xadoc" {Reflect rPois SH+5 Stlth+}
HPRegen 0.50/turn               O - ring of Coaclaf {rC+ Str+5 Int+6}
MPRegen 0.25/turn               Y - +4 ring of protection

@: healing quickly, heavily drained
A: alive, fangs 3, see invisible, vampiric 2
}: 2/15 runes: decaying, gossamer
a: Exsanguinate, Renounce Religion, Evoke Invisibility, Channel Magic, Forget
Spell, Divine Exegesis


You were on level 1 of the Depths.
You worshipped Sif Muna.
Sif Muna was extremely pleased with you.
You visited 6 branches of the dungeon, and saw 31 of its levels.
You also visited: Ice Cave.

You collected 3098 gold pieces.

Inventory:

Hand Weapons
 h - the +7 demon blade of Destiny (weapon) {elec, Fragile Dex+7 SInv}
   (You acquired it on level 1 of the Lair of Beasts)

   It occasionally discharges a powerful burst of electricity upon striking a
   foe.
   Dex:       It affects your dexterity (+7).
   SInv:      It lets you see invisible.
   Fragile:   It will be destroyed if unequipped.
Missiles
 X - 4 curare-tipped darts
Armour
 d - a +0 pair of gloves of stealth
 e - a +2 helmet
 l - a +2 cloak (worn)
 m - the +1 leather armour of Gocs {rElec rPois rF- rCorr}
   (You found it on level 2 of the Swamp)

   rF:        It makes you vulnerable to fire.
   rElec:     It insulates you from electricity.
   rPois:     It protects you from poison.
   rCorr:     It protects you from acid and corrosion.
 o - an orb of light
 r - the +2 robe of Supple Strength {rPois Str+2 Dex+3}
   (You found it on level 2 of the Lair of Beasts)

   Str:       It affects your strength (+2).
   Dex:       It affects your dexterity (+3).
   rPois:     It protects you from poison.
 y - a +2 pair of boots
 C - a +1 buckler of cold resistance (worn)
 G - a +2 pair of gloves (worn)
 H - the +1 pair of boots of the Several Nights (worn) {rC- Int+3 Dex+7}
   (You acquired it on level 9 of the Dungeon)

   Int:       It affects your intelligence (+3).
   Dex:       It affects your dexterity (+7).
   rC:        It makes you vulnerable to cold.
 K - a +2 robe of resistance
 L - the +3 helmet of Objectivity (worn) {+Inv rPois Str+4 Stlth-}
   (You acquired it on level 9 of the Dungeon)

   Str:       It affects your strength (+4).
   rPois:     It protects you from poison.
   +Inv:      It lets you turn invisible.
   Stlth:     It makes you less stealthy.
 M - the +1 faerie dragon scales (worn) {Will+ rCorr Stlth+}
   (You took it off the Enchantress on level 15 of the Dungeon)

   rCorr:     It protects you from acid and corrosion.
   Will:      It increases your willpower.
   Stlth:     It makes you more stealthy.
 R - a +0 helmet of intelligence
Jewellery
 t - a ring of protection from cold
 w - an amulet of faith
 x - the amulet "Xadoc" (around neck) {Reflect rPois SH+5 Stlth+}
   (You found it on level 2 of the Swamp)

   [amulet of reflection]

   It reflects blocked missile attacks.
   rPois:     It protects you from poison.
   SH:        It affects your SH (+5).
   Stlth:     It makes you more stealthy.
 F - an amulet of regeneration
 O - the ring of Coaclaf (left hand) {rC+ Str+5 Int+6}
   (You acquired it on level 9 of the Dungeon)

   [ring of intelligence]

   Str:       It affects your strength (+5).
   Int:       It affects your intelligence (+6).
   rC:        It protects you from cold.
 Y - a +4 ring of protection (right hand)
Wands
 g - a wand of charming (10)
 s - a wand of digging (7)
 z - a wand of roots (1)
 U - a wand of mindburst (31)
Scrolls
 f - 5 scrolls of blinking
 i - 2 scrolls of silence
 k - 2 scrolls of amnesia
 p - 10 scrolls of teleportation
 u - 7 scrolls of fog
 A - 9 scrolls of fear
 E - 4 scrolls of vulnerability
 I - 4 scrolls of enchant weapon
 P - a scroll of poison
 S - 2 scrolls of torment
 T - a scroll of immolation
 W - a scroll of brand weapon
Potions
 a - 5 potions of ambrosia
 b - 3 potions of cancellation
 c - a potion of curing
 j - 2 potions of invisibility
 n - 2 potions of attraction
 q - 2 potions of mutation
 v - 3 potions of lignification
 B - 6 potions of brilliance
 D - 2 potions of resistance
 N - 2 potions of heal wounds
 Q - 3 potions of berserk rage
 V - 4 potions of flight
 Z - a potion of haste
Miscellaneous
 J - a phial of floods (inert)


   Skills:
 + Level 14.3 Fighting
 - Level 3.0(10.7) Short Blades
 + Level 14.5(14.7) Long Blades
 - Level 3.0 Armour
 + Level 15.1 Dodging
 - Level 5.0 Stealth
 - Level 3.0 Shields
 + Level 14.3 Spellcasting
 * Level 26.2 Hexes


You had 10 spell levels left.
You knew the following spells:

 Your Spells              Type           Power      Damage    Failure   Level
a - Discord               Hex            57%        N/A       1%          8
b - Tukima's Dance        Hex            100%       N/A       0%          3
c - Confusing Touch       Hex            100%       N/A       0%          3
d - Dazzling Flash        Conj/Hex       100%       N/A       1%          3
e - Blink                 Tloc           46%        N/A       4%          2
f - Enfeeble              Hex            57%        N/A       1%          7
g - Cause Fear            Hex            57%        N/A       0%          4
h - Summon Mana Viper     Hex/Summ       84%        N/A       1%          5

Your spell library contained the following spells:

 Spells                   Type           Power      Damage    Failure   Level
 Slow                     Hex            100%       N/A       0%          1
 Ensorcelled Hibernation  Hex/Ice        100%       N/A       1%          2
 Inner Flame              Hex/Fire       84%        N/A       1%          3
 Portal Projectile        Hex/Tloc       100%       N/A       1%          3
 Summon Guardian Golem    Hex/Summ       84%        N/A       1%          3
 Anguish                  Hex/Necr       42%        N/A       1%          4
 Fulminant Prism          Conj/Hex       42%        3d20      1%          4
 Leda's Liquefaction      Hex/Erth       42%        N/A       1%          4
 Metabolic Englaciation   Hex/Ice        42%        N/A       1%          5
 Silence                  Hex/Air        42%        N/A       1%          5
 Yara's Violent Unravell  Hex/Tmut       42%        3d17      1%          5
 Apportation              Tloc           46%        N/A       3%          1
 Beastly Appendage        Tmut           46%        N/A       3%          1
 Foxfire                  Conj/Fire      92%        2x1d8     3%          1
 Magic Dart               Conj           92%        1d7       3%          1
 Sandblast                Erth           46%        2d11      3%          1
 Shock                    Conj/Air       92%        1d8       3%          1
 Summon Small Mammal      Summ           92%        N/A       3%          1
 Call Imp                 Summ           23%        N/A       4%          2
 Passwall                 Tmut/Erth      19%        N/A       4%          2
 Static Discharge         Conj/Air       23%        3-6/arc   4%          2
 Sublimation of Blood     Necr           23%        N/A       4%          2
 Wereblood                Tmut           23%        N/A       4%          2
 Call Canine Familiar     Summ           23%        N/A       10%         3
 Frozen Ramparts          Ice            46%        1d7       10%         3
 Ignite Poison            Fire/Tmut/Pois 23%        N/A       10%         3
 Lesser Beckoning         Tloc           23%        N/A       10%         3
 Mephitic Cloud           Conj/Pois/Air  23%        N/A       10%         3
 Ozocubu's Armour         Ice            23%        N/A       10%         3
 Spider Form              Tmut/Pois      23%        N/A       10%         3
 Stone Arrow              Conj/Erth      46%        3d9       10%         3
 Swiftness                Air            23%        N/A       10%         3
 Airstrike                Air            11%        2d(2-18)  32%         4
 Animate Dead             Necr           23%        N/A       32%         4
 Corpse Rot               Necr/Pois/Air  23%        N/A       32%         4
 Dispel Undead            Necr           23%        3d12      32%         4
 Ice Form                 Ice/Tmut       23%        N/A       32%         4
 Iskenderun's Mystic Bla  Conj/Tloc      23%        2d6       32%         4
 Petrify                  Tmut/Erth      23%        N/A       32%         4
 Sticky Flame             Conj/Fire      23%        2d4       32%         4
 Summon Ice Beast         Ice/Summ       23%        N/A       32%         4
 Alistair's Intoxication  Tmut/Pois      15%        N/A       65%         5
 Blade Hands              Tmut           11%        N/A       65%         5
 Borgnjor's Vile Clutch   Necr/Erth      11%        N/A       65%         5
 Freezing Cloud           Conj/Ice/Air   11%        6-21      65%         5
 Irradiate                Conj/Tmut      11%        3d15      65%         5
 Lee's Rapid Deconstruct  Erth           11%        3d9*      65%         5
 Lightning Bolt           Conj/Air       11%        1d24      65%         5
 Manifold Assault         Tloc           23%        N/A       65%         5
 Death Channel            Necr           11%        N/A       99%         6
 Dispersal                Tloc           11%        N/A       99%         6
 Iron Shot                Conj/Erth      11%        9d3       99%         6
 Simulacrum               Ice/Necr       11%        N/A       99%         6
 Starburst                Conj/Fire      11%        6d5       99%         6
 Statue Form              Tmut/Erth      15%        N/A       99%         6
 Summon Cactus Giant      Summ           11%        N/A       99%         6
 Malign Gateway           Summ/Tloc      11%        N/A       100%        7
 Monstrous Menagerie      Summ           11%        N/A       100%        7
 Orb of Destruction       Conj           11%        9d6       100%        7
 Ozocubu's Refrigeration  Ice            11%        4d10      100%        7
 Spellforged Servitor     Conj/Summ      11%        N/A       100%        7
 Disjunction              Tloc           11%        N/A       100%        8
 Ignition                 Fire           11%        3d5       100%        8
 Lehudib's Crystal Spear  Conj/Erth      11%        10d4      100%        8
 Maxwell's Capacitive Co  Air            11%        ∞         100%        8
 Dragon's Call            Summ           11%        N/A       100%        9
 Fire Storm               Conj/Fire      11%        8d3       100%        9
 Necromutation            Tmut/Necr      Unusable   N/A       N/A         8

Dungeon Overview and Level Annotations

Branches:
Dungeon (15/15)            Temple (0/1) D:6            Lair (5/5) D:8
  Swamp (4/4) Lair:3       Spider (4/4) Lair:3        Slime (0/5) Lair:4
    Orc (2/2) D:9             Elf (0/3) Orc:2        Vaults (0/5) D:14
 Depths (1/4) D:15          IceCv (visited)

Altars:
Ashenzari
Fedhas
Hepliaklqana
Okawaru
Qazlal
Sif Muna
Uskayaw
Vehumet
Xom
Yredelemnul
Lugonu

Shops:
D:14 (   Orc:2 :*([*

Portals:
Abyss: D:7 Swamp:2

Annotations:
D:7 2 transporters, exclusion: ice statue, diiiiiane's ghost, novice DEFE


Innate Abilities, Weirdness & Mutations

Your natural rate of healing is accelerated.
You have razor-sharp teeth.
You have supernaturally acute eyesight. (SInv)
You are afflicted with vampirism and can become a bat while bloodless.


Message History

The vampire mage is heavily damaged.
The vampire mage draws life force from you!!
The vampire mage is healed by the life force!
You are too injured to fight recklessly!
You are too injured to fight recklessly!
You are too injured to fight recklessly!
You slash the vampire mage!
The vampire mage is heavily damaged.
You block the vampire mage's attack.
The vampire mage bites you but does no damage.
You closely miss the vampire mage. Your bite misses the vampire mage.
The vampire mage is heavily damaged.
You hit the vampire mage but do no damage.
The vampire mage is heavily damaged.
The vampire mage closely misses you. You block the vampire mage's attack.
You closely miss the vampire mage.
The vampire mage is heavily damaged.
You block the vampire mage's attack. The vampire mage bites you.
The vampire mage draws strength from your injuries!
Aiming: Enfeeble (mildly dangerous; 1% risk of failure)
Press: ? - help, Q - select action, (/) - cycle Shift-Dir - straight line, f - vampire mage
Aim: a vampire mage, wearing a +0 robe (heavily damaged, slightly transparent, will inflict weakness and antimagic, chance to daze and blind: 89%)
The vampire mage is enfeebled!
You block the vampire mage's attack. The vampire mage completely misses you.
Unknown command.
You catch the helpless vampire mage completely off-guard!
You slash the vampire mage!
The vampire mage is severely damaged.
You barely miss the vampire mage.
You bite the vampire mage, but do no damage.
The vampire mage is severely damaged.
The vampire mage draws life force from you!!
* * * LOW HITPOINT WARNING * * *
The vampire mage is healed by the life force!
You slash the vampire mage!
You bite the vampire mage, but do no damage.
The vampire mage is severely damaged.
The vampire mage casts a spell at you. The bolt of negative energy hits you!!
You feel drained.
You die...

.........##...
#............
#"......≈....
#......≈..... ###
#.........#
#.#####[...$.#
##...#........#
###.V....[.....###
#..@)....#.......##.
###.(...###.........
##...................
##....#...###.........
#.....#[.## ##......##
#........# ##......#
##.......####.#######
##........#..#
###.........#


You could see a vampire mage (invisible, blind, dazed, weak, magic disrupted).

Vanquished Creatures
  the Enchantress (D:15)
  Arachne (Spider:3)
  Jorgrun (D:14)
  Donald (Orc:2)
  Agnes (Spider:3)
  The ghost of Vudadgh the Warrior, an adept HuWr of Hepliaklqana (Swamp:2)
  4 frost giants
  4 ghost moths
  A cacodemon (Swamp:2)
  Aizul (Spider:3)
  3 emperor scorpions
  A broodmother (Spider:2)
  A ghoul (Swamp:4)
  An orc warlord (Orc:2)
  A stone giant (D:15)
  2 very ugly things
  2 spriggan defenders (D:15)
  4 eleionomae
  Nessos (Orc:2)
  2 spark wasps
  3 bunyips
  2 entropy weavers (Spider:4)
  A white draconian (IceCv)
  Josephine (D:14)
  The ghost of EarthwalkerPL the Protected, a journeyman MiFi of Okawaru (Orc:1)
  A shambling mangrove (Swamp:4)
  5 boulder beetles
  17 hydras
  6 ironbound frosthearts (IceCv)
  4 vault guards (D:14)
  3 spriggan air magi
  2 ice dragons (IceCv)
  A jorogumo (Spider:2)
  4 catoblepae
  9 death yaks
  A radroach (Spider:4)
  A ghost crab (Swamp:1)
  A deep troll shaman (Depths:1)
  3 centaur warriors
  2 alligators
  3 tengu warriors
  5 spriggans
  Amaemon (Lair:2)
  A sun moth (Spider:4)
  4 pharaoh ants
  3 deep trolls (Depths:1)
  3 goliath frogs
  5 skeletal warriors (D:12)
  A glowing orange brain (Swamp:2)
  4 steelbarb worms
  2 orb spiders (Spider:3)
  4 swamp dragons
  2 spriggan druids (Swamp:4)
  A wizard (D:14)
  A deep elf archer (D:14)
  3 bog bodies
  8 wolf spiders
  2 orc knights
  An orc sorcerer (Orc:1)
  2 moths of wrath
  5 cyclopes
  5 manticores
  8 ugly things
  11 elephants
  5 black mambas
  An apocalypse crab (Swamp:2)
  17 cane toads
  3 torpor snails
  An orange demon (Lair:2)
  4 rime drakes
  Psyche (D:9)
  9 demonic crawlers
  An unseen horror (D:12)
  10 komodo dragons
  3 tengu conjurers
  An efreet (D:15)
  9 meliai
  7 tyrant leeches
  9 hornets
  3 polar bears
  5 trolls
  10 tarantellas
  6 slime creatures
  A raiju (Swamp:2)
  A raiju (shapeshifter) (D:13)
  15 blink frogs
  6 dream sheep
  20 jumping spiders
  10 culicivoras
  A shadow (D:9)
  A culicivora (shapeshifter) (D:15)
  9 wraiths
  A vampire (D:12)
  66 yaks
  4 basilisks
  2 large abominations (Swamp:2)
  3 wyverns
  A golden eye (shapeshifter) (D:13)
  23 redbacks
  A steam dragon (Lair:2)
  7 vampire mosquitoes (Swamp:2)
  10 swamp worms
  2 wargs
  2 acid dragons
  9 water moccasins
  An ice beast (D:7)
  11 orc warriors
  2 sky beasts
  7 ogres
  8 swamp drakes
  7 black bears
  5 wolves (Lair:2)
  13 centaurs
  3 kobold brigands
  9 bullfrogs
  A gnoll sergeant (Orc:1)
  2 scorpions
  4 wights (D:9)
  17 killer bees
  5 electric eels
  7 howler monkeys
  4 jellies
  6 orc priests
  A hound (D:5)
  A gnoll bouda (D:10)
  3 iguanas
  Natasha (thrice) (D:2)
  13 orc wizards
  12 gnolls
  8 adders
  A shadow imp (D:8)
  A white imp (D:7)
  2 dart slugs
  34 orcs
  3 bats
  12 endoplasms
  3 giant cockroaches
  6 goblins
  8 hobgoblins
  6 jackals
  21 kobolds
  5 quokkas
  7 ball pythons
  2 frilled lizards (D:3)
  3 rats
  A spectral orc (D:4)
755 creatures vanquished.

Vanquished Creatures (collateral kills)
  Mlioglotl (Swamp:4)
  Gastronok (Lair:3)
  The ghost of Plog the Gelid, an adept DrIE of Makhleb (Spider:4)
  Roxanne (Swamp:3)
  A fenstrider witch (Swamp:4)
  4 emperor scorpions (Spider:4)
  A frost giant (IceCv)
  2 ghouls (Swamp:4)
  4 ghost moths
  4 broodmothers
  A spriggan defender (Depths:1)
  A stone giant (Depths:1)
  A very ugly thing (Depths:1)
  4 entropy weavers
  An ettin (Depths:1)
  A vault guard (D:14)
  A shambling mangrove (Swamp:4)
  5 hydras
  An ironbound frostheart (IceCv)
  A centaur warrior (D:15)
  2 ice dragons (IceCv)
  A spriggan air mage (Swamp:3)
  2 radroaches
  4 two-headed ogres (Orc:1)
  A deep troll shaman (Depths:1)
  4 alligators
  2 spriggan berserkers (Swamp:4)
  An orc high priest (Orc:2)
  7 spriggans
  5 bog bodies
  3 swamp dragons
  7 orb spiders
  A spriggan druid (Swamp:2)
  An orange crystal statue (IceCv)
  5 steelbarb worms
  5 orc knights (Orc:2)
  12 ugly things
  10 wolf spiders
  2 will-o-the-wisps
  3 orc sorcerers (Orc:2)
  2 moths of wrath (Spider:4)
  4 torpor snails
  3 demonic crawlers
  7 rime drakes (IceCv)
  A yaktaur (D:14)
  4 polar bears (IceCv)
  8 meliai
  4 hornets
  20 tarantellas
  A bloated husk (Swamp:2)
  2 trolls
  3 tyrant leeches
  A slime creature (shapeshifter) (Swamp:2)
  19 jumping spiders
  17 culicivoras
  A human (D:14)
  35 redbacks
  A warg (Orc:2)
  6 vampire mosquitoes (Swamp:2)
  4 swamp worms
  16 orc warriors
  6 swamp drakes
  A black bear (Lair:1)
  3 ogres
  A centaur (D:13)
  A necrophage (Swamp:4)
  4 wights (D:8)
  8 orc priests
  10 orc wizards
  A gnoll (D:5)
  31 orcs
  A kobold (D:4)
341 creatures vanquished.

Vanquished Creatures (others)
  An emperor scorpion (Spider:4)
  A fire dragon (Depths:1)
  An ettin (Orc:1)
  An ice dragon (IceCv)
  An alligator (Swamp:3)
  An ironbound frostheart (IceCv)
  A pharaoh ant (Spider:1)
  A steelbarb worm (Spider:4)
  A spriggan druid (Swamp:2)
  A swamp dragon (Swamp:1)
  2 orb spiders (Spider:4)
  A bog body (Swamp:4)
  A wizard (D:14)
  2 wolf spiders
  A demonic crawler (Spider:2)
  A rime drake (IceCv)
  A tyrant leech (Swamp:2)
  A bloated husk (Swamp:4)
  A meliai (Spider:2)
  A hornet (Swamp:1)
  3 tarantellas
  2 jumping spiders (Spider:1)
  3 culicivoras
  3 spriggans
  9 dancing weapons
  10 redbacks
  A vampire mosquito (Swamp:2)
  An orc warrior (Orc:2)
  30 fungi
  A lurking horror (D:7)
  84 plants
  2 starspawn tentacles (Swamp:4)
171 creatures vanquished.

Grand Total: 1267 creatures vanquished

Notes
Turn   | Place    | Note
-------+----------+-------------------------------------------
     0 | D:1      | Gabide the Vampire Enchanter began the quest for the Orb.
     0 | D:1      | Reached XP level 1. HP: 13/13 MP: 3/3
   187 | D:1      | Reached XP level 2. HP: 19/19 MP: 5/5
   190 | D:1      | Learned a level 2 spell: Ensorcelled Hibernation
   478 | D:1      | You fall into a shaft and drop 1 floor!
   490 | D:2      | Noticed Natasha
   493 | D:2      | Killed Natasha
   494 | D:2      | Reached skill level 5 in Stealth
   494 | D:2      | Reached skill level 5 in Hexes
   494 | D:2      | Gained mutation: You are afflicted with vampirism and can
                  | become a bat while bloodless. [Vampire growth]
   494 | D:2      | Reached XP level 3. HP: 24/24 MP: 6/6
   732 | D:2      | Reached skill level 1 in Fighting
   820 | D:2      | Noticed Natasha
   849 | D:2      | Killed Natasha
   850 | D:2      | Reached XP level 4. HP: 19/33 MP: 2/7
   943 | D:2      | Learned a level 3 spell: Tukima's Dance
  1115 | D:2      | Noticed Natasha
  1122 | D:2      | Killed Natasha
  1200 | D:1      | Found a faded altar of an unknown god.
  2145 | D:3      | Found a hide-covered altar of Uskayaw.
  2231 | D:3      | Found a shimmering blue altar of Sif Muna.
  2238 | D:3      | Reached XP level 5. HP: 41/41 MP: 8/8
  3143 | D:4      | Reached skill level 1 in Armour
  3338 | D:4      | Reached XP level 6. HP: 34/47 MP: 0/10
  3688 | D:4      | Found a basalt altar of Yredelemnul.
  3776 | D:5      | Entered Level 5 of the Dungeon
  4002 | D:5      | Reached skill level 6 in Hexes
  4002 | D:5      | Reached XP level 7. HP: 16/52 MP: 0/11
  4201 | D:5      | Found a shimmering altar of Xom.
  4319 | D:5      | Reached skill level 5 in Fighting
  4413 | D:5      | Found a blossoming altar of Fedhas.
  4721 | D:3      | Became a worshipper of Sif Muna the Loreminder
  4829 | D:6      | Found a staircase to the Ecumenical Temple.
  5115 | D:5      | Reached XP level 8. HP: 44/62 MP: 1/12
  5269 | D:6      | Reached skill level 5 in Dodging
  5269 | D:6      | Reached skill level 1 in Long Blades
  5409 | D:6      | Learned a level 3 spell: Confusing Touch
  6180 | D:7      | Reached skill level 5 in Spellcasting
  6284 | D:7      | Reached skill level 7 in Hexes
  6284 | D:7      | Reached XP level 9. HP: 16/68 MP: 9/16
  6462 | D:7      | Got Asmodeus's Compilation of the Commander
  6467 | D:7      | Noticed a troll
  6468 | D:7      | Noticed a komodo dragon
  6474 | D:7      | Noticed an ice statue
  6485 | D:7      | Found a transporter.
  6488 | D:7      | Noticed diiiiiane's ghost (novice DEFE)
  6663 | D:7      | Found a transporter.
  6688 | D:7      | Reached skill level 8 in Hexes
  6697 | D:7      | Paralysed by a hornet for 2 turns
  6702 | D:7      | Reached * piety under Sif Muna
  6712 | D:7      | Reached skill level 9 in Hexes
  6897 | D:7      | Found a broken altar of Ashenzari.
  6901 | D:7      | Saw a vision of the Swamp and the Spider Nest.
  6901 | D:7      | Noticed a demonic crawler
  6901 | D:7      | Noticed a goliath frog
  6901 | D:7      | Noticed an orb spider
  6901 | D:7      | Noticed a demonic crawler
  6901 | D:7      | Noticed a meliai
  6901 | D:7      | Noticed an alligator
  6901 | D:7      | Noticed a bog body
  6901 | D:7      | Noticed a boulder beetle
  6901 | D:7      | Noticed a steelbarb worm
  6901 | D:7      | Noticed a radroach
  6902 | D:7      | Noticed a swamp dragon
  6902 | D:7      | Noticed a steelbarb worm
  6904 | D:7      | Noticed a spark wasp
  7100 | D:7      | Found a corrupted altar of Lugonu.
  7102 | D:7      | Found a one-way gate to the infinite horrors of the Abyss.
  7520 | D:8      | Noticed an elephant
  7550 | D:8      | Reached skill level 10 in Hexes
  7576 | D:8      | Found a staircase to the Lair.
  7599 | D:8      | Killed an elephant
  7600 | D:8      | Reached skill level 5 in Long Blades
  7763 | D:8      | Reached skill level 11 in Hexes
  7805 | D:8      | Reached XP level 10. HP: 24/76 MP: 3/17
  8028 | D:8      | Reached ** piety under Sif Muna
  8266 | D:8      | Reached skill level 12 in Hexes
  9196 | Lair:1   | Entered Level 1 of the Lair of Beasts
  9196 | Lair:1   | Noticed a cane toad
 10249 | Lair:1   | Noticed a cane toad
 10272 | Lair:1   | Killed a cane toad
 10343 | Lair:1   | Noticed a seven-headed hydra
 10373 | Lair:1   | Killed a seven-headed hydra
 10374 | Lair:1   | Reached skill level 13 in Hexes
 10490 | Lair:1   | Noticed a cane toad
 10507 | Lair:1   | Killed a cane toad
 10713 | Lair:1   | Noticed a cane toad
 10730 | Lair:1   | Killed a cane toad
 10793 | Lair:1   | You fall into a shaft and drop 1 floor!
 10793 | Lair:2   | Noticed a cane toad
 10799 | Lair:2   | Killed a cane toad
 10920 | Lair:1   | Killed a cane toad
 10921 | Lair:1   | Reached skill level 14 in Hexes
 10921 | Lair:1   | Reached XP level 11. HP: 68/83 MP: 12/18
 11025 | Lair:1   | Noticed a five-headed hydra
 11183 | Lair:1   | Killed a five-headed hydra
 11655 | Lair:1   | Identified the +4 quarterstaff of Dohi {venom, Str-3 Int+4}
 12106 | Lair:1   | Identified a scroll of acquirement
 12106 | Lair:1   | Acquired the +7 demon blade of Destiny {elec, Fragile Dex+7
                  | SInv}
 12138 | Lair:2   | Reached *** piety under Sif Muna
 12144 | Lair:2   | Identified the +2 robe of Supple Strength {rPois Str+2
                  | Dex+3}
 12296 | Lair:2   | Reached skill level 15 in Hexes
 12447 | Lair:2   | Learned a level 3 spell: Dazzling Flash
 13264 | Lair:2   | Noticed Amaemon
 13288 | Lair:2   | Killed Amaemon
 13289 | Lair:2   | Reached skill level 16 in Hexes
 13434 | Lair:3   | Noticed a seven-headed hydra
 13434 | Lair:3   | Noticed a boulder beetle
 13457 | Lair:3   | Killed a boulder beetle
 13524 | Lair:3   | Found a hole to the Spider Nest.
 13554 | Lair:2   | Killed a ten-headed hydra
 13717 | Lair:3   | Reached XP level 12. HP: 90/92 MP: 12/19
 14341 | Lair:3   | Found a staircase to the Swamp.
 14391 | Lair:3   | Reached skill level 17 in Hexes
 14469 | Lair:3   | Reached **** piety under Sif Muna
 14617 | Lair:3   | Noticed Gastronok
 14631 | Lair:3   | Killed Gastronok
 14855 | Lair:3   | Reached skill level 10 in Dodging
 14860 | Lair:3   | Reached skill level 18 in Hexes
 15796 | Lair:4   | Noticed a catoblepas
 15827 | Lair:4   | Killed a catoblepas
 15962 | Lair:4   | Found a staircase to the Slime Pits.
 16224 | Lair:4   | Noticed a five-headed hydra
 16263 | Lair:3   | Reached XP level 13. HP: 72/101 MP: 10/20
 17208 | Lair:5   | Entered Level 5 of the Lair of Beasts
 17446 | Lair:4   | Reached skill level 19 in Hexes
 17917 | Lair:5   | Reached skill level 10 in Long Blades
 18649 | Lair:5   | Reached skill level 20 in Hexes
 18854 | Lair:5   | Reached skill level 10 in Fighting
 20284 | D:9      | Noticed Psyche
 20297 | D:9      | Killed Psyche
 20354 | D:9      | Found an iron altar of Okawaru.
 20445 | D:9      | Reached XP level 14. HP: 110/110 MP: 21/21
 20495 | D:9      | Reached ***** piety under Sif Muna
 20719 | D:9      | Acquired the +1 pair of boots of the Several Nights {rC-
                  | Int+3 Dex+7}
 20721 | D:9      | Acquired a book of Winter
 20723 | D:9      | Acquired the ring of Coaclaf {rC+ Str+5 Int+6}
 20725 | D:9      | Acquired the +3 helmet of Objectivity {+Inv rPois Str+4
                  | Stlth-}
 20766 | D:9      | Learned a level 5 spell: Metabolic Englaciation
 21001 | D:9      | Found a staircase to the Orcish Mines.
 21210 | D:10     | Entered Level 10 of the Dungeon
 21215 | D:10     | Found a radiant altar of Vehumet.
 21367 | D:10     | Found a stormy altar of Qazlal.
 21473 | D:10     | Received a gift from Sif Muna
 21483 | D:10     | Got Sif Muna's Monograph on Ruinous Hexes {god gift}
 21492 | D:10     | Learned a level 7 spell: Enfeeble
 21698 | D:10     | Found a hazy altar of Hepliaklqana.
 21839 | D:10     | Reached skill level 21 in Hexes
 25676 | D:14     | Noticed Josephine
 25687 | D:14     | Killed Josephine
 25690 | D:14     | Noticed Jorgrun
 25702 | D:14     | Killed Jorgrun
 26762 | D:14     | Found Maozafa's Weapon Boutique.
 27389 | D:14     | Found a gate to the Vaults.
 27447 | D:15     | Entered Level 15 of the Dungeon
 27684 | D:15     | Reached XP level 15. HP: 107/120 MP: 14/27
 28503 | D:15     | Found a staircase to the Depths.
 28503 | D:15     | Noticed a frost giant
 28514 | D:15     | Killed a frost giant
 28951 | Orc:1    | Entered Level 1 of the Orcish Mines
 28965 | Orc:1    | Received a gift from Sif Muna
 28976 | Orc:1    | Got Jubbiz's Commentary on Attacks and Beguiling {god gift}
 29022 | Orc:1    | Learned a level 8 spell: Discord
 29027 | Orc:1    | Learned a level 4 spell: Cause Fear
 29031 | Orc:1    | Learned a level 2 spell: Blink
 29618 | Orc:1    | Paralysed by an orc sorcerer for 5 turns
 29705 | Orc:1    | Found a transporter.
 29706 | Orc:1    | Noticed EarthwalkerPL's ghost (journeyman MiFi)
 29707 | Orc:1    | Identified the +3 giant club of the Hawk {freeze, rF++ rN+}
 29907 | Orc:2    | Entered Level 2 of the Orcish Mines
 29911 | Orc:2    | Noticed Donald
 29919 | Orc:2    | Noticed Nessos
 29928 | Orc:2    | Killed Nessos
 29929 | Orc:2    | Reached skill level 10 in Spellcasting
 30406 | Orc:2    | Killed Donald
 30664 | Orc:2    | Noticed an orc warlord
 30681 | Orc:2    | Received a gift from Sif Muna
 31046 | Orc:2    | Killed an orc warlord
 31127 | Orc:2    | Found Qenin's Antique Weapon Shop.
 31138 | Orc:2    | Found Mesuofio's Antique Armour Shop.
 31180 | Orc:2    | Found Koodeg's Book Shop.
 31214 | Orc:2    | Found Hoschiako's General Store.
 31214 | Orc:2    | Found a staircase to the Elven Halls.
 31263 | Orc:2    | Found Inoepsu's General Store.
 31559 | Orc:1    | Found a transporter.
 31575 | Orc:1    | Killed EarthwalkerPL's ghost
 31842 | Swamp:1  | Entered Level 1 of the Swamp
 33452 | Swamp:2  | Received a gift from Sif Muna
 33453 | Swamp:2  | Got Sif Muna's Folio of the Loathsome Throng {god gift}
 33505 | Swamp:2  | Reached skill level 1 in Shields
 33681 | Swamp:2  | Found a transporter.
 33835 | Swamp:2  | Noticed Vudadgh's ghost (adept HuWr)
 33849 | Swamp:2  | Reached XP level 16. HP: 124/127 MP: 18/32
 34269 | Swamp:2  | Found a transporter.
 34366 | Swamp:2  | Identified the +1 leather armour of Gocs {rElec rPois rF-
                  | rCorr}
 34448 | Swamp:2  | Noticed a sphinx
 34467 | Swamp:2  | Noticed a shadow dragon
 34467 | Swamp:2  | a fire giant changed into a shadow dragon
 34469 | Swamp:2  | a shadow dragon changed into a glowing shapeshifter
 34487 | Swamp:2  | Identified the amulet "Xadoc" {Reflect rPois SH+5 Stlth+}
 34502 | Swamp:2  | Killed Vudadgh's ghost
 34900 | Swamp:3  | Reached skill level 22 in Hexes
 35152 | Swamp:3  | Identified Roxanne's Quarto of Spelunking
 35152 | Swamp:3  | Noticed Roxanne
 35170 | Swamp:3  | Killed Roxanne
 35480 | Swamp:3  | Identified the +8 halberd of Gozag's Condemnation
                  | {antimagic, rF+ Str-4 Dex+2}
 35715 | Swamp:4  | Entered Level 4 of the Swamp
 35718 | Swamp:4  | Noticed Mlioglotl
 35720 | Swamp:4  | Found a frozen archway.
 35764 | Swamp:4  | Noticed a bone dragon
 35969 | Swamp:4  | Noticed a bone dragon
 35978 | Swamp:4  | Noticed a tentacled starspawn
 35989 | Swamp:4  | Noticed a lich
 35990 | Swamp:4  | Killed Mlioglotl
 36209 | IceCv    | Entered an ice cave
 37018 | IceCv    | Reached skill level 23 in Hexes
 37511 | Swamp:4  | Received a gift from Sif Muna
 37593 | Swamp:4  | Got Sif Muna's Precepts of the Sandy Excursion {god gift}
 37594 | Swamp:4  | Identified the +0 plate armour "Buzetest" {rElec rN+ Dex+3}
 37681 | Swamp:4  | Reached XP level 17. HP: 135/135 MP: 26/33
 38583 | Swamp:4  | Got a decaying rune of Zot
 39338 | Spider:1 | Entered Level 1 of the Spider Nest
 39818 | Spider:1 | Reached skill level 24 in Hexes
 39830 | Spider:1 | Received a gift from Sif Muna
 40122 | Spider:1 | Got Sif Muna's Guidebook on Ensorcelling {god gift}
 40931 | Spider:2 | Received a gift from Sif Muna
 41131 | Spider:1 | Learned a level 5 spell: Summon Mana Viper
 41519 | Spider:2 | Got Sif Muna's Spellbook of Assistive Forms
 41943 | Spider:3 | Reached XP level 18. HP: 144/144 MP: 35/35
 42347 | Spider:3 | Received a gift from Sif Muna
 42415 | Spider:3 | Got Sif Muna's Folio of the Pyre and Damage Dealing {god
                  | gift}
 42523 | Spider:3 | Reached skill level 25 in Hexes
 42753 | Spider:3 | Noticed Aizul
 42768 | Spider:3 | Killed Aizul
 42913 | Spider:3 | Noticed Agnes
 42958 | Spider:3 | Noticed Arachne
 43015 | Spider:3 | Killed Agnes
 43163 | Spider:3 | Killed Arachne
 43651 | Spider:4 | Entered Level 4 of the Spider Nest
 45110 | Spider:4 | Found a runed translucent gate.
 45110 | Spider:4 | Found a runed translucent gate.
 45110 | Spider:4 | Found a runed translucent gate.
 45111 | Spider:4 | Noticed Plog's ghost (adept DrIE)
 45134 | Spider:4 | Killed Plog's ghost
 45136 | Spider:4 | Identified the +11 great sword "Ynohox" {vorpal, *Slow
                  | rPois rCorr Dex+8}
 45632 | Spider:4 | Received a gift from Sif Muna
 45977 | Spider:4 | Reached skill level 15 in Dodging
 46196 | Spider:4 | Got a gossamer rune of Zot
 46562 | Depths:1 | Entered Level 1 of the Depths
 46581 | D:15     | Reached skill level 26 in Hexes
 46982 | Depths:1 | Noticed the Enchantress
 47635 | D:15     | Killed the Enchantress
 47794 | Depths:1 | Killed from afar by a vampire mage

Illustrated notes

Levels and vault maps discovered:
D:1:      reono_arrival_forest_river, layout_basic, basic_ecumenical_altar
D:2:      layout_loops_cross, uniq_natasha
D:3:      layout_loops_ring, overflow_temple_1_default, old_standard_altar
D:4:      layout_cave_pools, yredelemnul_forgotten_temple_becter,
          minmay_goblin_kobold_house
D:5:      layout_rooms, mainiacjoe_overflow_paths, mainiacjoe_overflow_24_doors
D:6:      layout_cave_pods, minmay_temple_entry_overgrown
D:7:      layout_loops_ring, mainiacjoe_overflow_alcove_4,
          grunt_ashenzari_visionary [grunt_ashenzari_visionary_swamp,
          grunt_ashenzari_visionary_spider], nzn_ghost_randoct,
          amcnicky_altar_lugonu_corruption
D:8:      layout_layer_cave, overflow_temple_1_default, david_lair_generic,
          kennysheep_donut
D:9:      kennysheep_blocky_room, layout_basic, kennysheep_mini_moat,
          uniq_psyche
D:10:     layout_small_grid, mainiacjoe_overflow_concentric_impassable,
          nicolae_hepliaklqana_hippocampus, mainiacjoe_overflow_surrounded_room,
          minmay_crystal_room, serial_bayou_pond_e
D:11:     layout_stronghold
D:12:     layout_roguey, lemuel_nasty_fountain
D:13:     layout_stronghold, hex_medium
D:14:     layout_cave_pools, grunt_vaults_entry_fortified, serial_shops,
          nicolae_shop_bloodbath_and_beyond, minmay_holes, kennysheep_path_1,
          uniq_jorgrun, uniq_josephine
D:15:     grunt_enter_depths_snipers, layout_irregular_city,
          gauntlet_entry_generic
Lair:1:   layout_chaotic_city, serial_bayou_shore_a, grunt_megastairs_2,
          infiniplex_staircase_pool
Lair:2:   layout_cave_pods, serial_bayou_pond_d, uniq_amaemon
Lair:3:   layout_cave_shapes, swamp_mist, spider_nest_entry_a,
          infiniplex_staircase_pool_2, uniq_gastronok
Lair:4:   layout_gridlike, minmay_slime_entry_pillars, nzn_random_ring
Lair:5:   evilmike_catoblepas_cave, layout_long_grid, st_stairs_7,
          serial_bayou_lagoon_a
Swamp:1:  layout_falls_marsh, hangedman_swamp_cone
Swamp:2:  layout_basic_swamp, gammafunk_ghost_abyssal_escape, serial_swamp_ruin,
          evilmike_swamp_ruin_house_2, hangedman_swamp_ruin_hall, swamp_pool2,
          nicolae_swamp_bloodsuckers_inc
Swamp:3:  layout_basic_swamp, nicolae_swamp_fairy_circle, swamp_pool5,
          uniq_roxanne
Swamp:4:  swamp_basic_johnstein, layout_basic_swamp,
          portal_ice_cave_entry_ugly_swarm, uniq_mlioglotl
Spider:1: layout_spider_delve, nicolae_spider_shape
Spider:2: layout_spider_delve, drop_trap
Spider:3: layout_spider_delve, hellmonk_narrow_tunnel, uniq_agnes, uniq_arachne,
          uniq_aizul
Spider:4: grunt_spider_rune_circles, ebering_ghost_rock_garden
Orc:1:    layout_diamond_mine, gammafunk_ghost_smash, mines1_david
Orc:2:    grunt_orc_cross, layout_caves, serial_shops, nicolae_lakefront_shop,
          uniq_donald, uniq_nessos
Depths:1: layout_cave_pools, pf_coc_iceberg, fedhas_altar_3, pan_entry,
          serial_shops, shop, nicolae_sif_muna_little_library, uniq_enchantress

Skill      XL: |  1  2  3  4  5  6  7  8  9 10 11 12 13 14 15 16 17 18 |
---------------+-------------------------------------------------------+-----
Short Blades   | 2 3 |  3.0
Dodging        | 3 4 5 6 7 9 10 11 12 13 14 15 | 15.1
Stealth        | 5 |  5.0
Hexes          | 5 6 7 11 14 16 18 20 21 23 24 26 | 26.2
Fighting       | 2 3 5 6 8 9 10 12 13 14 | 14.3
Spellcasting   | 3 5 8 12 13 14 | 14.3
Armour         | 1 3 |  3.0
Long Blades    | 4 5 6 8 9 10 11 12 13 14 | 14.5
Shields        | 2 3 |  3.0

Action                   |  1- 3 |  4- 6 |  7- 9 | 10-12 | 13-15 | 16-18 || total
-------------------------+-------+-------+-------+-------+-------+-------++-------
Melee: Dagger            |    79 |    94 |       |       |       |       ||   173
       Bite              |     8 |    12 |    39 |    72 |   159 |   170 ||   460
       Short sword       |       |    53 |   155 |   125 |       |       ||   333
       Punch             |       |       |     3 |    10 |    17 |       ||    30
       Long sword        |       |       |   123 |    43 |       |       ||   166
       Demon blade       |       |       |       |   327 |  1013 |  1048 ||  2388
Throw: Dart              |       |       |       |       |     4 |       ||     4
 Cast: Ensorcelled Hiber |    10 |    37 |    38 |    68 |     7 |       ||   160
       Tukima's Dance    |       |    10 |    20 |    15 |    40 |     2 ||    87
       Confusing Touch   |       |       |     9 |    46 |    18 |     1 ||    74
       Dazzling Flash    |       |       |       |    52 |    66 |     1 ||   119
       Enfeeble          |       |       |       |       |    87 |   124 ||   211
       Metabolic Englaci |       |       |       |       |    24 |       ||    24
       Discord           |       |       |       |       |    17 |   105 ||   122
       Cause Fear        |       |       |       |       |    11 |     8 ||    19
       Blink             |       |       |       |       |     1 |       ||     1
       Summon Mana Viper |       |       |       |       |       |    10 ||    10
Invok: Forget Spell      |       |       |       |       |     2 |       ||     2
Evoke: Wand              |       |       |       |     7 |     9 |     6 ||    22
       Phial of floods   |       |       |       |       |       |     1 ||     1
  Use: Potion            |     1 |       |     4 |     2 |     3 |    12 ||    22
       Scroll            |       |    10 |     3 |    11 |    25 |     9 ||    58
 Stab: Sleeping          |    10 |    38 |    24 |    40 |     9 |     7 ||   128
       Distracted        |       |     1 |       |     1 |     2 |    13 ||    17
       Invisible         |       |       |     9 |    35 |   127 |   130 ||   301
       Confused          |       |       |     5 |    36 |    11 |     2 ||    54
       Petrifying        |       |       |     1 |       |       |       ||     1
Armor: Robe              |    17 |    16 |       |    64 |   203 |   194 ||   494
       Leather armour    |       |    42 |   108 |    53 |       |       ||   203
       Acid dragon scale |       |       |       |       |       |     6 ||     6
Dodge: Dodged            |    40 |   106 |   202 |   463 |  1134 |  1129 ||  3074
Block: Other             |       |       |    41 |   126 |   264 |       ||   431
       Reflection        |       |       |       |       |    26 |     5 ||    31
       Buckler           |       |       |       |       |    12 |   732 ||   744
